Map: Thunderbird LE

Players

Mez

  • Race: Zerg Zerg
  • League: Master
  • Spawn Location: 11:00

Bedlam - Winner!

  • Race: Protoss Protoss
  • League: Platinum
  • Spawn Location: 5:00

VOD

Have the link to the VOD?

Description

Time

  • Played on: July 29, 2019, 5:55 a.m.
  • Length: 21:40
Show
View Real Time Build Order
Export as new Build Order

Mez Zerg 

Build Orders: Hatch First 

Get SALT Encoding   

  12  0:00  Drone  
  13  0:09  Drone  
  14  0:19  Overlord  
  14  0:37  Drone x3  
  17  0:51  Drone  
  18  1:00  Hatchery  
  18  1:03  Drone  
  18  1:19  Spawning Pool  
  18  1:20  Drone  
  18  1:23  Extractor  
  17  1:28  Drone  
  18  1:39  Overlord  
  18  1:58  Drone x2  
  20  2:06  Queen  
  22  2:08  Zergling x2  
  22  2:12  Queen  
  22  2:13  Zergling x2  
  26  2:26  Drone x2  
  26  2:28  Metabolic Boost  
  28  2:35  Drone x2  
  30  2:52  Overlord  
  30  2:53  Drone x2  
  30  2:57  Queen  
  34  3:04  Drone x2  
  35  3:19  Drone  
  36  3:20  Drone x5  
  36  3:26  Roach Warren  
  40  3:36  Drone x3  
  40  3:37  Overlord x2  
  43  3:48  Hatchery  
  42  3:53  Extractor  
  41  4:08  Roach x8  
  57  4:10  Overlord  
  57  4:25  Roach  
  57  4:27  Overlord  
  59  4:41  Roach x4  
  59  4:43  Overlord x2  
  67  5:01  Roach x6  
  67  5:06  Ravager  
  80  5:19  Drone x3  
  80  5:20  Drone x5  
  85  5:40  Roach x3  
  89  5:45  Roach  
  89  5:46  Overlord x2  
  80  6:01  Roach x5  
  80  6:21  Drone x17  
  80  6:22  Spore Crawler  
  80  6:25  Spore Crawler  
  93  6:26  Lair  
  93  6:29  Spore Crawler  
  93  6:31  Spore Crawler  
  91  6:35  Evolution Chamber  
  91  6:39  Evolution Chamber  
  89  6:42  Extractor  
  82  6:49  Drone  
  82  6:50  Drone x14  
  85  7:07  Extractor  
  85  7:08  Extractor  
  83  7:20  Hatchery  
  83  7:21  Queen x2  
  86  7:25  Zerg Missile Weapons Level 1  
  86  7:27  Zerg Ground Armor Level 1  
  86  7:32  Hatchery  
  85  7:50  Hatchery  
  84  7:52  Hydralisk Den  
  84  7:54  Queen  
  84  7:55  Spore Crawler  
  84  8:27  Glial Reconstitution  
  84  8:29  Grooved Spines  
  84  8:30  Overlord  
  84  8:31  Overlord x5  
  84  8:47  Drone x4  
  84  8:48  Overlord x3  
  88  8:49  Overlord x6  
  88  9:06  Spore Crawler  
  88  9:07  Spore Crawler x2  
  85  9:14  Queen x4  
  85  9:16  Hydralisk x2  
  85  9:17  Hydralisk x19  
  135  9:40  Muscular Augments  
  135  9:41  Spore Crawler  
  135  9:42  Roach x13  
  160  10:11  Drone x14  
  174  10:23  Hatchery  
  174  10:26  Hydralisk x4  
  174  10:27  Hydralisk x2  
  174  10:28  Roach x3  
  191  10:29  Roach  
  191  10:32  Ravager x3  
  196  10:40  Infestation Pit  
  195  10:48  Extractor x2  
  193  11:07  Hatchery  
  193  11:08  Zerg Missile Weapons Level 2  
  193  11:09  Zerg Ground Armor Level 2  
  192  11:39  Ravager x4  
  190  12:21  Overseer x7  
  190  12:22  Overseer x4  
  180  12:47  Hydralisk  
  180  12:48  Hydralisk x8  
  198  13:08  Extractor  
  198  13:10  Extractor  
  198  13:11  Hydralisk  
  198  13:32  Hive  
  198  13:33  Pneumatized Carapace  
  196  13:45  Hydralisk  
  196  13:46  Hydralisk x12  
  196  13:47  Zergling x2  
  196  13:48  Zergling x20  
  160  14:00  Zergling x4  
  160  14:01  Zergling x54  
  160  14:02  Zergling x32  
  171  14:12  Spire  
  170  14:23  Queen  
  172  14:50  Extractor  
  172  14:51  Extractor  
  154  15:33  Zerg Ground Armor Level 3, Zerg Missile Weapons Level 3  
  126  15:41  Zerg Flyer Weapons Level 1  
  126  15:42  Neural Parasite  
  101  15:47  Corruptor  
  101  15:48  Corruptor x15  
  101  15:49  Corruptor  
  126  16:06  Drone x8  
  132  16:20  Spire  
  132  16:25  Zergling x26  
  138  16:26  Zergling x4  
  138  16:29  Overlord x6  
  138  16:30  Overlord x6  
  127  16:33  Overlord, Corruptor  
  127  16:34  Corruptor x3  
  121  16:53  Corruptor x9  
  136  16:56  Zergling x18  
  135  17:20  Corruptor x2  
  141  17:33  Greater Spire  
  139  17:41  Corruptor x2  
  129  18:05  Corruptor x4  
  137  18:17  Overseer x2  
  73  19:34  Brood Lord x3  
  73  19:35  Brood Lord  
  81  20:05  Brood Lord  
  83  20:15  Brood Lord  
  85  20:40  Brood Lord  
Show
View Real Time Build Order
Export as new Build Order

Bedlam Protoss - Winner!

Build Orders: Carriers 

Get SALT Encoding   

  12  0:01  Probe  
  13  0:13  Probe  
  14  0:31  Probe, Pylon  
  15  0:49  Probe  
  16  1:02  Probe  
  17  1:08  Nexus  
  17  1:14  Probe  
  18  1:27  Probe  
  18  1:29  Pylon  
  19  1:35  Gateway  
  20  1:40  Probe  
  20  1:54  Forge  
  20  2:00  Assimilator  
  20  2:02  Probe  
  20  2:04  Assimilator  
  21  2:14  Probe  
  22  2:24  Probe  
  23  2:33  Cybernetics Core  
  23  2:34  Zealot  
  23  2:36  Probe  
  26  2:37  Pylon  
  26  2:44  Photon Cannon  
  26  2:47  Probe  
  26  2:48  Probe  
  28  2:54  Pylon  
  28  3:02  Probe  
  28  3:03  Probe  
  29  3:14  Probe  
  29  3:15  Probe  
  29  3:17  Warp Gate  
  29  3:18  Shield Battery  
  31  3:21  Pylon  
  31  3:27  Stalker, Probe x2  
  35  3:36  Protoss Ground Weapons Level 1  
  35  3:39  Probe x2  
  35  3:41  Stargate  
  37  3:50  Pylon  
  37  3:51  Probe x2  
  39  4:07  Nexus  
  39  4:15  Probe x2  
  41  4:18  Assimilator  
  41  4:20  Assimilator  
  41  4:24  Void Ray  
  41  4:27  Probe  
  41  4:28  Probe  
  47  4:34  Robotics Facility  
  47  4:39  Probe  
  47  4:40  Probe  
  49  4:51  Probe  
  49  4:52  Probe  
  51  5:03  Probe  
  52  5:08  Probe  
  53  5:15  Probe  
  53  5:20  Fleet Beacon  
  54  5:25  Stalker  
  54  5:27  Robotics Bay  
  52  5:48  Probe x3  
  49  5:52  Stalker  
  49  5:55  Immortal, Void Ray  
  55  6:00  Probe x2  
  56  6:05  Probe  
  55  6:12  Probe  
  55  6:17  Probe  
  53  6:21  Stalker  
  53  6:24  Probe  
  53  6:25  Assimilator  
  56  6:28  Assimilator, Mothership  
  56  6:29  Probe  
  65  6:37  Photon Cannon, Probe  
  66  6:41  Probe  
  67  6:56  Photon Cannon  
  67  6:57  Shield Battery  
  67  6:58  Colossus  
  67  6:59  Extended Thermal Lance  
  67  7:00  Probe  
  74  7:04  Probe  
  75  7:12  Zealot  
  77  7:32  Pylon  
  77  7:33  Photon Cannon  
  77  7:35  Shield Battery  
  77  7:38  Pylon  
  77  7:39  Photon Cannon  
  77  7:44  Protoss Shields Level 1  
  77  7:50  Probe x2  
  79  8:02  Probe x2  
  79  8:04  Colossus  
  87  8:09  Carrier  
  93  8:28  Pylon  
  93  8:32  Pylon, Stargate  
  93  8:46  Probe x3  
  96  8:49  Protoss Air Weapons Level 1  
  96  8:58  Probe x2  
  96  9:00  Probe  
  99  9:04  Pylon  
  99  9:06  Colossus  
  99  9:07  Pylon  
  105  9:14  Robotics Facility  
  105  9:15  Pylon  
  105  9:18  Twilight Council  
  105  9:22  Carrier x2  
  117  9:31  Photon Cannon  
  117  9:34  Shield Battery  
  117  9:35  Probe x3, Pylon  
  120  9:42  Gateway  
  120  9:45  Gateway  
  120  9:48  Gateway  
  120  9:49  Probe  
  121  10:03  Gateway  
  121  10:04  Gateway  
  121  10:07  Photon Cannon  
  121  10:09  Shield Battery  
  121  10:11  Photon Cannon  
  121  10:12  Pylon  
  121  10:18  Probe x2  
  121  10:20  Probe  
  124  10:22  Colossus  
  124  10:24  Observer  
  131  10:31  Tempest  
  131  10:32  Charge  
  136  10:37  Tempest  
  141  10:44  Templar Archives  
  141  10:52  Nexus  
  141  10:57  Pylon  
  141  11:02  Pylon  
  141  11:17  Warp Prism x2  
  145  11:26  Assimilator  
  145  11:30  Assimilator  
  145  11:36  Gateway  
  145  11:37  Gateway  
  145  11:38  Photon Cannon  
  145  11:39  Photon Cannon  
  145  11:40  Shield Battery x2  
  145  11:43  Pylon  
  145  11:48  Gateway  
  145  11:50  Gateway  
  145  11:55  Photon Cannon  
  145  11:58  Photon Cannon  
  145  12:00  Shield Battery  
  145  12:02  Shield Battery  
  145  12:04  Pylon  
  145  12:05  Probe  
  145  12:06  Probe x2  
  148  12:15  High Templar x2  
  152  12:16  High Templar x2  
  152  12:17  High Templar x2  
  160  12:23  Archon x3  
  160  12:32  Immortal x2  
  160  12:34  Carrier, Tempest  
  158  12:39  Forge  
  158  12:40  Cybernetics Core  
  177  13:10  Nexus  
  177  13:19  Pylon  
  177  13:23  Pylon  
  177  13:28  Pylon  
  177  13:30  Immortal x2  
  185  13:35  Zealot  
  183  13:46  Zealot x3  
  183  13:47  Zealot x5  
  183  13:48  Zealot  
  172  13:57  Carrier  
  172  13:58  Carrier  
  172  14:02  Protoss Ground Weapons Level 2  
  180  14:14  Immortal x2  
  180  14:16  High Templar x2  
  192  14:18  High Templar  
  192  14:19  High Templar  
  196  14:24  Protoss Air Weapons Level 2  
  196  14:43  Probe x3  
  199  14:47  Archon  
  199  14:48  Archon  
  199  14:50  Pylon  
  199  14:54  Pylon  
  199  14:57  Shield Battery  
  199  14:58  Photon Cannon  
  199  15:01  Shield Battery  
  199  15:02  Photon Cannon  
  195  15:17  Zealot x2  
  195  15:18  Zealot  
  195  15:19  Zealot  
  182  15:36  Photon Cannon  
  182  15:38  Photon Cannon  
  182  15:40  Shield Battery  
  182  15:41  Zealot x3, Shield Battery  
  182  15:42  Zealot x3  
  179  16:01  Zealot x4  
  179  16:02  Zealot x3  
  187  16:38  Observer  
  188  16:42  Unknown  
  188  16:44  Unknown  
  188  16:51  Photon Cannon  
  188  16:52  Photon Cannon  
  188  16:53  Shield Battery  
  188  17:11  Pylon  
  188  17:12  Pylon  
  188  17:23  Pylon  
  188  17:24  Pylon  
  188  17:25  Protoss Shields Level 2  
  188  17:26  Pylon  
  188  17:29  Observer x2  
  190  17:41  Protoss Air Weapons Level 3  
  190  17:56  Warp Prism x2  
  194  18:04  Blink  
  194  18:06  Photon Cannon  
  194  18:08  Probe  
  194  18:09  Probe x3  
  198  18:33  Psionic Storm  
  184  18:58  High Templar x3  
  184  18:59  High Templar x6  
  172  19:04  Archon x3  
  172  19:05  Archon  
  128  19:29  Gateway  
  128  19:34  Gateway  
  128  19:38  Stalker x5  
  134  19:39  Stalker x4  
  134  19:40  Gateway  
  146  20:05  Pylon  
  146  20:07  Zealot x3  
  146  20:08  Zealot x5  
  146  20:09  Zealot  
  146  20:10  Pylon  
  164  20:35  High Templar x5  
  172  20:36  High Templar, Nexus  
  172  20:37  High Templar x3  
  172  20:38  High Templar x3  
  172  20:40  Pylon  
  172  20:42  Pylon  
  188  20:45  Pylon  
  188  20:49  Archon x4  
  188  20:50  Archon  
  188  20:51  Archon  
  188  20:52  Pylon  
  186  21:11  Stalker x5  
  190  21:12  Stalker x2  
Tags
 
Add a new tag
Caveats
  • Supply blocks, unpowered buildings, or Contaminate may cause inaccurate times.
  • Supply counts are checked every 10 seconds.